Map: Year Zero LE

Players

Neeb - Winner!

  • Race: Protoss Protoss
  • League: Master
  • Spawn Location: 1:00

TIME (Oliveira)

  • Race: Terran Terran
  • Spawn Location: 11:00

Event: 2019 WCS Winter Americas

VOD

Have the link to the VOD?

Description

Time

  • Played on: March 23, 2019, 3:22 p.m.
  • Length: 7:14

All games in this series

Show
View Real Time Build Order
Export as new Build Order

Neeb Protoss - Winner!

Build Orders: 1 Gate Expand 

Get SALT Encoding   

  12  0:00  Probe  
  13  0:12  Probe  
  14  0:18  Pylon  
  14  0:24  Probe  
  15  0:32  Probe  
  15  0:39  Gateway  
  15  0:40  Probe  
  16  0:47  Assimilator  
  17  0:51  Probe  
  18  1:03  Probe  
  19  1:15  Probe  
  20  1:30  Cybernetics Core  
  20  1:36  Nexus  
  20  1:40  Probe  
  20  1:46  Pylon  
  22  1:56  Stalker, Assimilator  
  22  2:03  Pylon  
  23  2:17  Stalker  
  23  2:18  Probe  
  23  2:22  Shield Battery  
  26  2:32  Shield Battery  
  27  2:40  Stalker, Shield Battery  
  27  2:41  Probe  
  29  3:01  Shield Battery  
  29  3:03  Shield Battery  
  29  3:04  Stalker  
  31  3:17  Probe x2  
  31  3:19  Warp Gate  
  33  3:30  Shield Battery  
  33  3:32  Probe  
  34  3:40  Probe  
  35  3:44  Probe  
  36  3:52  Probe  
  36  3:56  Robotics Facility  
  36  3:57  Pylon  
  36  3:58  Probe  
  37  4:03  Probe  
  37  4:09  Stalker, Pylon  
  40  4:10  Probe  
  40  4:11  Probe  
  42  4:21  Twilight Council, Probe  
  42  4:22  Probe  
  44  4:34  Probe x2  
  46  4:39  Observer  
  46  4:41  Gateway  
  46  4:43  Gateway  
  47  4:46  Probe  
  48  4:53  Probe  
  48  4:58  Immortal, Probe  
  54  5:08  Stalker  
  54  5:10  Probe  
  57  5:23  Probe  
  57  5:25  Assimilator  
  57  5:26  Probe  
  57  5:27  Assimilator  
  57  5:28  Dark Shrine  
  59  5:29  Pylon  
  59  5:38  Pylon  
  59  5:39  Pylon x2, Warp Prism  
  61  5:44  Probe  
  61  5:47  Probe  
  63  5:56  Probe  
  64  5:57  Forge  
  64  5:59  Probe  
  65  6:05  Sentry  
  65  6:07  Stalker x2  
  71  6:23  Observer  
  71  6:24  Nexus  
  71  6:25  Pylon  
  71  6:33  Warp Prism  
  71  6:40  Dark Templar x3  
  79  6:50  Probe x2  
  81  6:58  Gateway  
  81  6:59  Gateway  
Show
View Real Time Build Order
Export as new Build Order

TIME Terran 

Build Orders:  

Get SALT Encoding   

  12  0:00  SCV  
  13  0:12  SCV  
  14  0:18  Supply Depot  
  14  0:42  Barracks  
  14  0:54  Refinery  
  14  0:57  Barracks  
  14  0:58  SCV  
  15  1:10  SCV  
  16  1:29  Orbital Command, Marine  
  17  1:45  Marine  
  17  1:46  Marine  
  19  1:48  Supply Depot  
  19  1:54  Bunker  
  19  1:57  SCV  
  19  2:03  Marine  
  19  2:06  Marine  
  21  2:12  SCV  
  22  2:26  Factory  
  22  2:28  SCV  
  23  2:32  Marine  
  23  2:36  Marine  
  25  2:40  SCV  
  26  2:50  Supply Depot  
  26  2:53  SCV  
  27  2:59  Marine  
  27  3:00  Marine  
  27  3:05  SCV  
  29  3:10  Factory Tech Lab  
  30  3:23  Starport  
  27  3:33  SCV  
  27  3:36  Cyclone  
  27  3:45  SCV  
  24  3:57  Command Center  
  24  4:05  Medivac  
  24  4:08  SCV, Widow Mine  
  29  4:12  Refinery  
  29  4:20  SCV  
  30  4:32  SCV  
  31  4:40  Supply Depot  
  31  4:43  Siege Tank  
  31  4:44  SCV  
  35  4:56  SCV  
  35  4:57  Barracks Tech Lab  
  35  4:58  Barracks Reactor  
  36  5:08  SCV  
  36  5:10  Orbital Command  
  37  5:20  SCV  
  38  5:23  Marine  
  38  5:28  Engineering Bay  
  37  5:33  SCV  
  38  5:35  Marine  
  38  5:36  Marine  
  38  5:38  Siege Tank  
  38  5:39  Orbital Command  
  38  5:41  Marine  
  44  5:45  SCV  
  45  5:50  Starport Reactor  
  45  5:53  Marine  
  45  5:54  Marine  
  47  5:57  SCV  
  47  5:59  Marine  
  49  6:05  SCV  
  49  6:08  Refinery  
  49  6:09  SCV  
  51  6:11  Marine  
  51  6:12  Marine  
  51  6:15  Barracks  
  51  6:17  SCV, Marine  
  55  6:21  SCV, Supply Depot  
  56  6:29  SCV  
  56  6:31  Marine  
  58  6:33  SCV, Marine  
  58  6:35  Marauder  
  58  6:39  Supply Depot  
  62  6:42  SCV  
  62  6:45  SCV  
  64  6:47  Supply Depot  
  64  6:49  Marine  
  64  6:51  Marine  
  66  6:54  SCV  
  66  6:57  SCV  
  69  7:02  Supply Depot  
Tags
 
Add a new tag
Caveats
  • Supply blocks, unpowered buildings, or Contaminate may cause inaccurate times.
  • Supply counts are checked every 10 seconds.